 Dungeon Crawl Stone Soup version 0.28.0 (webtiles) character file.

Game seed: 9811864916456259465

593 horus123 the Chiller (level 7, -1/46 HPs)
             Began as a Barachi Ice Elementalist on Feb 16, 2022.
             Was an Initiate of Vehumet.
             Slain by a phantom (3 damage)
             ... on level 4 of the Dungeon.
             The game lasted 00:08:23 (4675 turns).

horus123 the Chiller (Barachi Ice Elementalist)     Turns: 4675, Time: 00:08:24

Health: -1/46      AC:  2    Str: 10    XL:     7   Next: 39%
Magic:  10/13      EV: 12    Int: 17    God:    Vehumet [......]
Gold:   218        SH:  0    Dex: 12    Spells: 3/14 levels left

rFire   + . .      SeeInvis .   k - staff of cold
rCold   + + .      Faith    .   (no shield)
rNeg    . . .      Spirit   .   a - +0 robe
rPois   +          Reflect  .   (no helmet)
rElec   +          Harm     .   (no cloak)
rCorr   +          Rampage  .   (no gloves)
Will    .....                   (no boots)
Stlth   ++........              (no amulet)
HPRegen 0.15/turn               h - ring of wizardry
MPRegen 0.13/turn               (no ring)

@: mighty, resistant, hasted, studying Staves, quick
A: amphibious, slowness 1, strong legs 1, +LOS
a: Hop, Renounce Religion


You were on level 4 of the Dungeon.
You worshipped Vehumet.
Vehumet was noncommittal.
You visited 2 branches of the dungeon, and saw 5 of its levels.

You collected 218 gold pieces.

Inventory:

Missiles
 f - a throwing net
Armour
 a - a +0 robe (worn)
Magical Staves
 k - a staff of cold (weapon)
Jewellery
 h - a ring of wizardry (left hand)
Wands
 l - a wand of acid (2)
Scrolls
 i - a scroll of teleportation
 j - 4 scrolls of fog
 m - 3 scrolls of immolation
 n - a scroll of enchant weapon {unknown}
 o - a scroll of identify
Potions
 g - a potion of lignification {unknown}
 p - a potion of magic {unknown}


   Skills:
 + Level 3.2 Staves
 - Level 2.1 Dodging
 - Level 1.7 Stealth
 - Level 4.1 Spellcasting
 - Level 6.0 Conjurations
 - Level 6.0 Ice Magic


You had 3 spell levels left.
You knew the following spells:

 Your Spells              Type           Power      Damage    Failure   Level
a - Freeze                Ice            100%       1d11      1%          1
b - Frozen Ramparts       Ice            72%        1d9       1%          3
c - Ozocubu's Armour      Ice            36%        N/A       1%          3
d - Hailstorm             Conj/Ice       36%        3d9       5%          4

Your spell library contained the following spells:

 Spells                   Type           Power      Damage    Failure   Level


Dungeon Overview and Level Annotations

Branches:
Dungeon (4/15)             Temple (1/1) D:4

Altars:
Cheibriados
Dithmenos
Gozag
Makhleb
Nemelex Xobeh
Okawaru
Qazlal
Ru
Sif Muna
Trog
Uskayaw
Vehumet
Wu Jian
Xom
Yredelemnul
Zin

Shops:
D:1 :   D:3 =   D:4 [

Annotations:
D:4 2 runed translucent doors, Crazy Yiuf; sirJeffrey23's ghost, amateur DsMo


Innate Abilities, Weirdness & Mutations

You are amphibious.
You cover ground slowly.
You can hop short distances.
You have an extended range of vision and can be seen from far away.


Message History

* * * LOW HITPOINT WARNING * * *
You barely miss the phantom.
The phantom is heavily damaged.
You hit the phantom.
The phantom is heavily damaged.
The phantom hits you!
* * * LOW HITPOINT WARNING * * *
The phantom blinks!
You blink.
It was a potion of heal wounds.
You feel much better. The phantom hits you.
You closely miss the phantom.
The phantom is heavily damaged.
The phantom barely misses you.
You closely miss the phantom.
The phantom is heavily damaged.
You hit the phantom.
The phantom is severely damaged.
The phantom misses you.
You hit the phantom but do no damage.
The phantom is severely damaged.
The phantom hits you!
The phantom blinks!
You blink.
You hit the phantom.
The phantom is severely damaged.
You completely miss the phantom.
The phantom is severely damaged.
The phantom hits you.
* * * LOW HITPOINT WARNING * * *
The phantom blinks!
You blink.
It was a potion of might.
You feel very mighty all of a sudden.
You hit the phantom.
The phantom is almost destroyed.
The phantom hits you.
* * * LOW HITPOINT WARNING * * *
The phantom blinks!
You blink.
The phantom hits you!
* * * LOW HITPOINT WARNING * * *
You barely miss the phantom.
The phantom is almost destroyed.
The phantom hits you.
You die...

#. #.# ##+###+. +.#
### +...+.#..#.# #..
#...#.#$.#.# #.#
#._.#.+##'.# #.#
#...#.#..#.# #.#
+...'.#..#.# #.#
+###'###'..'.# #.# #
#..§.@..#..###
..#####.#
#..†.W..#..# ..##...
#+###'###+### #.##.#
#.##...##.# .....####
#.........#
#.##....########.####
#.##.###...# #.#
.....# #...#####.#
##.#.###.........#
######


You could see a phantom.

Vanquished Creatures
  An ogre (D:4)
  A necrophage (D:4)
  A centaur (D:4)
  An orc priest (D:4)
  A hound (D:4)
  A gnoll shaman (D:4)
  A bullfrog skeleton (D:4)
  3 orc wizards
  A scorpion zombie (D:4)
  A hound skeleton (D:4)
  A gnoll (D:1)
  5 adders
  2 dart slugs
  3 orcs
  9 bats
  3 endoplasms
  5 giant cockroaches
  2 goblins (D:2)
  9 hobgoblins
  5 kobolds
  5 quokkas
  5 ball pythons
  4 rats
70 creatures vanquished.

Notes
Turn   | Place    | Note
-------+----------+-------------------------------------------
     0 | D:1      | horus123 the Barachi Ice Elementalist began the quest for
                  | the Orb.
     0 | D:1      | Reached XP level 1. HP: 13/13 MP: 3/3
   292 | D:1      | Found Upub's Book Shoppe.
   351 | D:1      | Reached XP level 2. HP: 2/19 MP: 0/6
   966 | D:1      | Reached XP level 3. HP: 24/24 MP: 5/8
   972 | D:1      | Learned a level 3 spell: Frozen Ramparts
   976 | D:1      | Learned a level 3 spell: Ozocubu's Armour
  1473 | D:2      | Found a faded altar of an unknown god.
  1661 | D:2      | Found a sacrificial altar of Ru.
  2474 | D:3      | Reached skill level 5 in Ice Magic
  2475 | D:3      | Reached XP level 4. HP: 12/30 MP: 2/10
  2662 | D:3      | Learned a level 4 spell: Hailstorm
  2768 | D:3      | Found a shimmering blue altar of Sif Muna.
  2873 | D:3      | Reached XP level 5. HP: 22/35 MP: 4/11
  3018 | D:3      | Reached skill level 1 in Conjurations
  3220 | D:3      | Found Giuser's One-of-a-Kind Rings.
  3481 | D:4      | Noticed a centaur
  3488 | D:4      | Noticed a necrophage
  3490 | D:4      | Killed a centaur
  3492 | D:4      | Reached XP level 6. HP: 28/41 MP: 0/12
  3494 | D:4      | Killed a necrophage
  3668 | D:4      | Reached skill level 5 in Conjurations
  3670 | D:4      | Reached XP level 7. HP: 46/46 MP: 5/13
  3775 | D:4      | Found a runed translucent door.
  3795 | D:4      | Noticed sirJeffrey23's ghost (amateur DsMo)
  3804 | D:4      | Reached skill level 1 in Staves
  3952 | D:4      | Found Exuqine Ijaa's Armour Shoppe.
  4207 | D:4      | Found an ornate altar of the Wu Jian Council.
  4400 | D:4      | Found a runed translucent door.
  4401 | D:4      | Noticed Crazy Yiuf
  4462 | D:4      | Found a staircase to the Ecumenical Temple.
  4481 | Temple   | Entered the Ecumenical Temple
  4548 | Temple   | Became a worshipper of Vehumet
  4628 | D:4      | Found a bloodstained altar of Trog.
  4663 | D:4      | HP: 2/46 [phantom (8)]
  4674 | D:4      | HP: 2/46 [phantom (7)]
  4675 | D:4      | Slain by a phantom

Illustrated notes

Levels and vault maps discovered:
D:1:      minmay_arrival_three_doors, layout_loops_cross, serial_shops, shop,
          nicolae_figureground_sparkle
D:2:      layout_basic, ebering_ecumenical_altar_box, basic_altar,
          minmay_pentomino_pile
D:3:      layout_rooms, kennysheep_orc_sif_temple, nicolae_shop_unique_rings,
          kennysheep_big_empty_room
D:4:      layout_loops_cross, mainiacjoe_overflow_24_doors,
          nicolae_wu_jian_glorious_leap, temple_green, serial_shops,
          shop_statue, ebering_ghost_sewer_d, minmay_manual_mess, uniq_edmund,
          uniq_crazy_yiuf_cottage
Temple:   eino_temple_rhombus

Skill      XL: |  1  2  3  4  5  6  7 |
---------------+----------------------+-----
Spellcasting   | 3 4 |  4.1
Ice Magic      | 5 6 |  6.0
Conjurations   | 3 5 6 |  6.0
Staves         | 3 |  3.2
Dodging        | |  2.1
Stealth        | |  1.7

Action                   |  1- 3 |  4- 6 |  7- 9 || total
-------------------------+-------+-------+-------++-------
Melee: Unarmed           |     3 |       |       ||     3
       Staff             |     2 |     2 |    40 ||    44
 Cast: Freeze            |    50 |    33 |    21 ||   104
       Frozen Ramparts   |     1 |     2 |     1 ||     4
       Ozocubu's Armour  |       |     1 |       ||     1
Evoke: Wand              |       |     8 |       ||     8
  Use: Scroll            |     3 |     2 |       ||     5
       Potion            |       |       |     4 ||     4
Armor: Robe              |     8 |    14 |     4 ||    26
Dodge: Dodged            |    30 |    25 |    23 ||    78
